 Dungeon Crawl Stone Soup version 0.29-a0-330-g52719c12eb (webtiles) character file.

Game seed: 732627202308309401

165 Crownlay the Ducker (level 5, -6/47 HPs)
             Began as a Gnoll Wanderer on May 30, 2022.
             Mangled by an iguana (12 damage)
             ... on level 4 of the Dungeon.
             The game lasted 00:05:08 (3989 turns).

Crownlay the Ducker (Gnoll Wanderer)                Turns: 3989, Time: 00:05:09

Health: -6/47      AC:  2    Str: 13    XL:     5   Next: 46%
Magic:  4/9        EV: 13    Int: 15    God:
Gold:   215        SH:  3    Dex:  8    Spells: 7/10 levels left

rFire   . . .      SeeInvis +   h - +0 short sword
rCold   . . .      Faith    .   f - +0 buckler
rNeg    . . .      Spirit   .   c - +0 robe
rPois   .          Reflect  .   (no helmet)
rElec   .          Harm     .   (no cloak)
rCorr   .          Rampage  .   (no gloves)
Will    .....                   (no boots)
Stlth   +.........              (no amulet)
HPRegen 0.15/turn               i - ring of see invisible
MPRegen 0.11/turn               (no ring)

@: no status effects
A: fangs 1, strong nose, distributed training
a: no special abilities


You were on level 4 of the Dungeon.
You visited 1 branch of the dungeon, and saw 4 of its levels.

You collected 215 gold pieces.

Inventory:

Hand Weapons
 h - a +0 short sword (weapon)
Armour
 c - a +0 robe (worn)
 f - a +0 buckler (worn)
Jewellery
 i - a ring of see invisible (left hand)
Scrolls
 a - a scroll of fear {unknown}
 e - a scroll of blinking {unknown}
 g - 2 scrolls of fog {unknown}
 k - 4 scrolls of teleportation {unknown}
 l - 2 scrolls of identify {unknown}
 o - a scroll of immolation {unknown}
Potions
 b - 2 potions of berserk rage
 d - 3 potions of curing
 j - a potion of resistance {unknown}
 m - a potion of flight {unknown}
 n - a potion of attraction {unknown}
 p - a potion of cancellation {unknown}


   Skills:
 + Level 6.7 Fighting
 + Level 1.5 Short Blades
 + Level 1.5 Long Blades
 + Level 1.5 Axes
 + Level 1.5 Maces & Flails
 + Level 1.5 Polearms
 + Level 1.5 Staves
 + Level 1.5 Slings
 + Level 1.5 Bows
 + Level 1.5 Crossbows
 + Level 1.5 Throwing
 + Level 1.5 Armour
 + Level 6.7 Dodging
 + Level 1.5 Stealth
 + Level 1.5 Shields
 + Level 1.5 Unarmed Combat
 + Level 3.2 Spellcasting
 + Level 1.2 Conjurations
 + Level 1.2 Hexes
 + Level 1.2 Summonings
 + Level 1.2 Necromancy
 + Level 1.2 Translocations
 + Level 1.2 Transmutations
 + Level 1.2 Fire Magic
 + Level 1.2 Ice Magic
 + Level 1.2 Air Magic
 + Level 1.2 Earth Magic
 + Level 5.5 Poison Magic
 + Level 1.7 Invocations
 + Level 1.5 Evocations


You had 7 spell levels left.
You knew the following spells:

 Your Spells              Type           Power      Damage    Failure   Level
a - Sting                 Tmut/Pois      48%        1d5       6%          1
b - Poisonous Vapours     Pois/Air       24%        N/A       10%         2

Your spell library contained the following spells:

 Spells                   Type           Power      Damage    Failure   Level
 Spider Form              Tmut/Pois      12%        N/A       19%         3


Dungeon Overview and Level Annotations

Branches:
Dungeon (4/15)
 Temple: D:4-7

Altars:
Nemelex Xobeh


Innate Abilities, Weirdness & Mutations

You have very sharp teeth.
Your uncanny sense of smell can sniff out nearby items.
Your experience applies equally to all skills.


Message History

You barely miss the iguana. You bite the iguana, but do no damage.
The iguana is heavily wounded.
The iguana bites you!
You hit the iguana but do no damage.
The iguana is heavily wounded.
The iguana closely misses you.
You hit the iguana but do no damage.
The iguana is heavily wounded.
The iguana completely misses you.
Casting: Poisonous Vapours (safe; 10% risk of failure)
Confirm with . or Enter, or press ? or * to list all spells.
Aiming: Poisonous Vapours (safe; 10% risk of failure)
Press: ? - help, Dir - move target, f/p - iguana
Aim: an iguana (heavily wounded, poisoned) Poisonous vapours surround the iguana!
The iguana looks even sicker.
The iguana bites you!
Casting: Poisonous Vapours (safe; 10% risk of failure)
Confirm with . or Enter, or press ? or * to list all spells.
Aiming: Sting (safe; 6% risk of failure)
Press: ? - help, Shift-Dir - straight line, f/p - iguana
Aim: an iguana (heavily wounded, very poisoned, 75% to hit)
The sting hits the iguana.
The iguana looks even sicker.
The iguana is severely wounded.
The iguana bites you!
* * * LOW HITPOINT WARNING * * *
You barely miss the iguana.
The iguana is severely wounded.
The iguana bites you but does no damage.
The iguana attacks as you move away! The iguana bites you!
* * * LOW HITPOINT WARNING * * *
Casting: Sting (safe; 6% risk of failure)
Confirm with . or Enter, or press ? or * to list all spells.
Okay, then.
Casting: Sting (safe; 6% risk of failure)
Confirm with . or Enter, or press ? or * to list all spells.
Aiming: Sting (safe; 6% risk of failure)
Press: ? - help, Shift-Dir - straight line, f/p - iguana
Aim: an iguana (severely wounded, very poisoned, 75% to hit)
The sting misses the iguana.
The iguana bites you!
You die...

#.......###.###
##.######
#.###### ...#
#......# ##.#
######.# #' #.#
#.# ## #.# ##.#
#.# ####... #@#
...... #l#
#....##.###
###...#.....#
#...........#
#.......)...#
#...........#
###...#.....#
#...#######


You could see an iguana (very poisoned).

Vanquished Creatures
  A hound (D:4)
  Natasha (twice) (D:4)
  An orc wizard (D:4)
  2 dart slugs (D:1)
  3 orcs (D:4)
  3 ball pythons
  6 bats
  4 endoplasms (D:1)
  3 giant cockroaches
  5 goblins
  4 hobgoblins (D:2)
  2 jackals (D:2)
  9 kobolds
  2 quokkas
  A frilled lizard (D:3)
  5 rats
53 creatures vanquished.

Vanquished Creatures (others)
  8 plants (D:3)
8 creatures vanquished.

Grand Total: 61 creatures vanquished

Notes
Turn   | Place    | Note
-------+----------+-------------------------------------------
     0 | D:1      | Crownlay the Gnoll Wanderer began the quest for the Orb.
     0 | D:1      | Crownlay set off with the following items: a +0 club, a
                  | potion of berserk rage, a +0 robe, 2 potions of curing; and
                  | the following spell memorised: Sting; and the following
                  | spells available to memorise: Poisonous Vapours, Spider
                  | Form
     0 | D:1      | Reached XP level 1. HP: 23/23 MP: 4/4
   379 | D:1      | Reached XP level 2. HP: 29/29 MP: 2/5
   629 | D:1      | Learned a level 2 spell: Poisonous Vapours
  1004 | D:2      | You fall into a shaft and drop 1 floor!
  1108 | D:3      | Found a sparkling altar of Nemelex Xobeh.
  1550 | D:2      | Reached XP level 3. HP: 34/35 MP: 7/7
  1595 | D:2      | Found a faded altar of an unknown god.
  2195 | D:2      | Reached skill level 1 in Invocations
  2841 | D:3      | Reached skill level 1 in Short Blades
  2841 | D:3      | Reached skill level 1 in Long Blades
  2841 | D:3      | Reached skill level 1 in Axes
  2841 | D:3      | Reached skill level 1 in Maces & Flails
  2841 | D:3      | Reached skill level 1 in Polearms
  2841 | D:3      | Reached skill level 1 in Staves
  2841 | D:3      | Reached skill level 1 in Slings
  2841 | D:3      | Reached skill level 1 in Bows
  2841 | D:3      | Reached skill level 1 in Crossbows
  2841 | D:3      | Reached skill level 1 in Throwing
  2841 | D:3      | Reached skill level 1 in Armour
  2841 | D:3      | Reached skill level 1 in Stealth
  2841 | D:3      | Reached skill level 1 in Shields
  2841 | D:3      | Reached skill level 1 in Unarmed Combat
  2841 | D:3      | Reached skill level 1 in Evocations
  3500 | D:4      | Noticed Natasha
  3507 | D:4      | Killed Natasha
  3508 | D:4      | Reached XP level 4. HP: 32/41 MP: 3/8
  3529 | D:4      | Noticed Natasha
  3535 | D:4      | Killed Natasha
  3536 | D:4      | Reached skill level 1 in Conjurations
  3536 | D:4      | Reached skill level 1 in Hexes
  3536 | D:4      | Reached skill level 1 in Summonings
  3536 | D:4      | Reached skill level 1 in Necromancy
  3536 | D:4      | Reached skill level 1 in Translocations
  3536 | D:4      | Reached skill level 1 in Transmutations
  3536 | D:4      | Reached skill level 1 in Fire Magic
  3536 | D:4      | Reached skill level 1 in Ice Magic
  3536 | D:4      | Reached skill level 1 in Air Magic
  3536 | D:4      | Reached skill level 1 in Earth Magic
  3645 | D:4      | Reached XP level 5. HP: 47/47 MP: 3/9
  3989 | D:4      | Mangled by an iguana

Illustrated notes

Levels and vault maps discovered:
D:1:      nicolae_arrival_somewhat_less_tricky_arrival, layout_basic
D:2:      layout_loops_cross, shapermc_ecumenical_altar_hornbeckon,
          chequers_garden, minmay_misc_feat_ornament
D:3:      layout_loops_corners, nemelex_spade_bored_becter,
          lexackson_kobold_supper
D:4:      cheibrodos_pilgrimage, layout_loops_corners, kiku_gazebo_pond_becter,
          uniq_natasha, uniq_edmund

Skill      XL: |  1  2  3  4 |
---------------+-------------+-----
Invocations    | 1 |  1.7
Short Blades   | 1 |  1.5
Long Blades    | 1 |  1.5
Axes           | 1 |  1.5
Maces & Flails | 1 |  1.5
Polearms       | 1 |  1.5
Staves         | 1 |  1.5
Slings         | 1 |  1.5
Bows           | 1 |  1.5
Crossbows      | 1 |  1.5
Throwing       | 1 |  1.5
Armour         | 1 |  1.5
Stealth        | 1 |  1.5
Shields        | 1 |  1.5
Unarmed Combat | 1 |  1.5
Evocations     | 1 |  1.5
Spellcasting   | 3 |  3.2
Conjurations   | 1 |  1.2
Hexes          | 1 |  1.2
Summonings     | 1 |  1.2
Necromancy     | 1 |  1.2
Translocations | 1 |  1.2
Transmutations | 1 |  1.2
Fire Magic     | 1 |  1.2
Ice Magic      | 1 |  1.2
Air Magic      | 1 |  1.2
Earth Magic    | 1 |  1.2
Fighting       | |  6.7
Dodging        | |  6.7
Poison Magic   | |  5.5

Action                   |  1- 3 |  4- 6 || total
-------------------------+-------+-------++-------
Melee: Club              |     8 |       ||     8
       Bite              |    25 |     3 ||    28
       Short sword       |   132 |    22 ||   154
 Cast: Sting             |    66 |    16 ||    82
       Poisonous Vapours |     4 |     4 ||     8
Armor: Robe              |    19 |     1 ||    20
Dodge: Dodged            |    72 |    16 ||    88
Block: Buckler           |     9 |     5 ||    14

Table legend: (Time is in decaauts)
 A = Elapsed time spent in this place.
 B = Non-inter-level travel time spent in this place.
 C = Inter-level travel time spent in this place.
 D = Time resting spent in this place.
 E = Time spent auto-exploring this place.
 F = Levels seen in this place.
 G = Mean time per level.
                   A        B        C        D        E       F      G
               +--------+--------+--------+--------+--------+-----+--------+
         Total |   4022 |   3898 |    124 |      0 |   3423 |   4 | 1005.5 |
       Dungeon |   4022 |   3898 |    124 |      0 |   3423 |   4 | 1005.5 |
               +--------+--------+--------+--------+--------+-----+--------+

Top non-repeatable levels by time:
     D:3: 1449 daAuts
     D:2: 1066 daAuts
     D:1: 1006 daAuts
     D:4: 500 daAuts
